 Dungeon Sprint DCSS version 0.26-a0-996-g6b303dbc09 (webtiles) character file.

Game seed: 3717848333993820491

1173 Conn the Thaumaturge (level 8, -15/56 HPs)
             Began as an Octopode Hedge Wizard on Dec 6, 2020.
             Was a Believer of Sif Muna.
             Killed from afar by a lava snake (29 damage)
             ... with a glob of lava
             ... in the Dungeon (Sprint II: "The Violet Keep of Menkaure").
             The game lasted 00:19:40 (1214 turns).

Conn the Thaumaturge (Octopode Hedge Wizard)        Turns: 1214, Time: 00:19:44

Health: -15/56     AC:  1    Str: 12      XL:     8   Next: 41%
Magic:  16/21      EV: 14    Int: 17      God:    Sif Muna [**....]
Gold:   243        SH:  0    Dex:  6 (12) Spells: 13/26 levels left

rFire    . . .     SeeInvis .   c - +0 dagger (venom)
rCold    . . .     Faith    .   (no shield)
rNeg     . . .     Spirit   .   b - +0 hat
rPois    +         Reflect  .   (no amulet)
rElec    .         Harm     .   (no ring)
rCorr    .         Rampage  .   (no ring)
MR       +....     Rnd*Rage +   (no ring) Stlth ++++......NoTele +
                                (no ring)
HPRegen  0.18/turn              (no ring)
MPRegen  0.17/turn              (no ring)
                                (no ring)
                                (no ring)

@: very slightly contaminated
A: almost no armour, stealthy swim, amphibious, 8 rings, constrict 8, camouflage
1, berserk 1, deterioration 1, magic resistance 1, poison resistance, strong 1,
gelatinous body 1, MP-powered wands
a: Channel Magic, Renounce Religion


You were in the Dungeon.
You worshipped Sif Muna.
Sif Muna was pleased with you.
You visited 1 branch You collected 729 gold pieces.
You spent 486 gold pieces at shops.

Inventory:

Hand Weapons
 a - a +0 dagger
 c - a +0 dagger of venom (weapon)
Armour
 b - a +0 hat (worn)
Scrolls
 i - a scroll of blinking
Potions
 d - a potion of heal wounds
 e - 3 potions of lignification


   Skills:
 + Level 5.5 Fighting
 + Level 4.5 Short Blades
 * Level 7.0 Dodging
 + Level 5.4 Stealth
 + Level 9.8 Spellcasting
 * Level 6.8 Conjurations
 + Level 0.5 Hexes
 + Level 3.4 Summonings
 + Level 2.2 Translocations
 * Level 3.3 Fire Magic
 * Level 3.1 Air Magic
 * Level 3.8 Poison Magic
 * Level 3.7 Invocations


You had 13 spell levels left.
You knew the following spells:

 Your Spells              Type           Power        Failure   Level
a - Magic Dart            Conj           ####         1%          1
b - Blink                 Tloc           N/A          5%          2
c - Call Imp              Summ           ###.....     3%          2
d - Conjure Flame         Conj/Fire      ####....     3%          3
e - Mephitic Cloud        Conj/Pois/Air  ###.....     3%          3
f - Slow                  Hex            ##......     11%         2

Your spell library contained the following spells:

 Spells                   Type           Power        Failure   Level


Dungeon Overview and Level Annotations

Branches:
Dungeon (1/1)

Altars:
Cheibriados
Dithmenos
Elyvilon
Fedhas
Gozag
Hepliaklqana
Kikubaaqudgha
Makhleb
Nemelex Xobeh
Okawaru
Qazlal
Ru
Sif Muna
Trog
Uskayaw
Vehumet
Wu Jian
Xom
Yredelemnul
Zin
The Shining One
Beogh
Jiyva
Lugonu

Shops:
D :=[!=(:!!!}![=?

Annotations:
D exclusion: oklob plant, Kirke, Roxanne


Innate Abilities, Weirdness & Mutations

You cannot wear most types of armour.
You are very stealthy in the water. (Stealth+)
You are amphibious.
You can wear up to eight rings at the same time.
You can use your tentacles to constrict eight enemies at once.
Your skin changes colour to match your surroundings (Stealth+).
Your rubbery body absorbs attacks. (AC +1, EV +1)
You tend to lose your temper in combat.
Your body sometimes deteriorates upon taking damage.
You are resistant to hostile enchantments. (MR+)
Your system is resistant to poisons. (rPois)
Your muscles are strong. (Str +2)
You expend magic power (3 MP) to strengthen your wands.


Message History

Unknown command.
The lava snake hisses angrily.
Casting: Mephitic Cloud (dangerous; 3% risk of failure)
Confirm with . or Enter, or press ? or * to list all spells.
Aiming: Mephitic Cloud (dangerous; 3% risk of failure)
Press: ? - help, Shift-Dir - straight line, f - worm
Aim: a worm The ball explodes into a vile cloud!
The stinking cloud engulfs the worm but does no damage.
The stinking cloud engulfs you but does no damage.
Unknown command.
Unknown command.
Unknown command.
The worm is engulfed in noxious fumes.
The worm appears confused.
The manticore is engulfed in noxious fumes.
The manticore appears confused.
The lava snake spits lava at you. The glob of lava hits you!!
Ouch! That really hurt!
You die...

∩...#≈≈####...####.H## #..#
....#≈##.###'###.##Y.# +..# ▓$
∩...#≈#...##.## #.#5.# #..# ▓!
.∩..'≈'.##'.<.+ #'.H### ^.### ▓?
∩.∩.#≈#...##.##..†#....###...##▓▓
▓▓###≈##.###'###.##☼H.§..≈≈≈≈≈≈≈≈
#####†≈####.#.####☼≈...§.≈#'#####
(. ##≈≈≈#.###.#≈§w☼≈≈≈..≈#._._._
.$# #'#≈##.#.##@≈§≈§§≈≈.≈#.._._.
?##° $#≈○##z##§≈≈§≈§≈§≈≈≈#._._._
##z° ###°≈§≈○§≈≈≈≈§§≈≈≈§≈#_._._.
#z..z #'○°#○''#≈≈≈§≈≈≈≈§#._._._
#≈≈°S○○≈##≈§§###≈≈#_._._.
#≈≈§≈≈°§≈S##≈≈# #§§#._._..
'≈°§°°°○○○○≈+§§# #≈≈#_._...
°##≈≈°○S☼°○§##≈§§≈≈≈≈####### ○
##≈≈§≈≈≈≈## ######≈≈≈≈≈≈


You could see 2 manticores, a worm (confused) and a lava snake (wandering).

Vanquished Creatures
  A blink frog (D)
  2 wyverns (D)
  2 neqoxecs (D)
  4 necrophages (D)
  A worm (D)
10 creatures vanquished.

Vanquished Creatures (collateral kills)
  Menkaure (D)
  A worm (D)
2 creatures vanquished.

Vanquished Creatures (others)
  6 flying skulls (D)
  2 neqoxecs (D)
  A water moccasin (D)
  A lava snake (D)
10 creatures vanquished.

Grand Total: 22 creatures vanquished

Notes
Turn   | Place    | Note
-------+----------+-------------------------------------------
     0 | D        | Conn the Octopode Hedge Wizard began the quest for the Orb.
     0 | D        | Reached XP level 1. HP: 11/11 MP: 4/4
     1 | D        | Noticed a necrophage
     1 | D        | Noticed a necrophage
     1 | D        | Noticed a necrophage
     1 | D        | Noticed a necrophage
     8 | D        | Killed a necrophage
     9 | D        | Reached skill level 1 in Short Blades
     9 | D        | Reached skill level 5 in Spellcasting
     9 | D        | Reached XP level 2. HP: 10/21 MP: 4/8
     9 | D        | Reached XP level 3. HP: 12/26 MP: 5/10
     9 | D        | Reached XP level 4. HP: 15/31 MP: 5/11
    12 | D        | Killed a necrophage
    13 | D        | Reached skill level 6 in Spellcasting
    13 | D        | Reached XP level 5. HP: 18/37 MP: 5/14
    17 | D        | Killed a necrophage
    18 | D        | Reached skill level 5 in Dodging
    18 | D        | Reached skill level 7 in Spellcasting
    18 | D        | Reached XP level 6. HP: 21/44 MP: 5/16
    23 | D        | Killed a necrophage
    24 | D        | Reached skill level 5 in Fighting
    24 | D        | Reached skill level 5 in Stealth
    24 | D        | Reached skill level 8 in Spellcasting
    24 | D        | Reached skill level 5 in Conjurations
    37 | D        | Learned a level 2 spell: Blink
    40 | D        | Learned a level 2 spell: Call Imp
    44 | D        | Learned a level 3 spell: Conjure Flame
    48 | D        | Learned a level 3 spell: Mephitic Cloud
    51 | D        | Learned a level 2 spell: Slow
   161 | D        | Killed a water moccasin
   218 | D        | Found Wuciedex's Jewellery Emporium.
   218 | D        | Found Otudgh's Distillery.
   218 | D        | Found Zuibaan's Distillery.
   218 | D        | Found Sibapsor's Distillery.
   218 | D        | Found Ixkoel's Gadget Shoppe.
   218 | D        | Found Winoiteu's Book Emporium.
   219 | D        | Found Yxeurphel's Jewellery Shoppe.
   219 | D        | Found Feuc's Distillery.
   219 | D        | Found Poyj's Antique Armour Shoppe.
   219 | D        | Found Imisolonn's Magic Scroll Shoppe.
   220 | D        | Found Nian's Antique Armour Shoppe.
   220 | D        | Found Kufa's Jewellery Emporium.
   221 | D        | Found Tuziub's Distillery.
   221 | D        | Found Koeceig's Antique Weapon Emporium.
   222 | D        | Noticed Menkaure
   222 | D        | Noticed an oklob plant
   224 | D        | Found Raustra's Book Shoppe.
   224 | D        | Noticed a polar bear
   230 | D        | Noticed a polar bear
   240 | D        | Killed Menkaure
   243 | D        | Noticed a hell hog
   262 | D        | Noticed a hell hog
   289 | D        | Found a glowing silver altar of Zin.
   289 | D        | Found a radiant altar of Vehumet.
   290 | D        | Found a glowing golden altar of the Shining One.
   290 | D        | Found a basalt altar of Yredelemnul.
   290 | D        | Found a hide-covered altar of Uskayaw.
   291 | D        | Found a shimmering altar of Xom.
   291 | D        | Found a bloodstained altar of Trog.
   291 | D        | Found a burning altar of Makhleb.
   293 | D        | Found an ornate altar of the Wu Jian Council.
   293 | D        | Found a shimmering blue altar of Sif Muna.
   293 | D        | Found a corrupted altar of Lugonu.
   294 | D        | Found a sacrificial altar of Ru.
   294 | D        | Found an ancient bone altar of Kikubaaqudgha.
   294 | D        | Found a white marble altar of Elyvilon.
   295 | D        | Found a stormy altar of Qazlal.
   295 | D        | Found a viscous altar of Jiyva.
   295 | D        | Found a shadowy altar of Dithmenos.
   296 | D        | Found a hazy altar of Hepliaklqana.
   296 | D        | Found a snail-covered altar of Cheibriados.
   298 | D        | Found a roughly hewn altar of Beogh.
   298 | D        | Found a sparkling altar of Nemelex Xobeh.
   298 | D        | Found a blossoming altar of Fedhas.
   299 | D        | Found an opulent altar of Gozag.
   299 | D        | Found an iron altar of Okawaru.
   301 | D        | Noticed a water moccasin
   302 | D        | Became a worshipper of Sif Muna the Loreminder
   322 | D        | Identified Roxanne's Disquisition on Stones
   322 | D        | Noticed Roxanne
   323 | D        | Noticed a neqoxec
   374 | D        | Gained mutation: Scrolls take you a little longer to read.
                  | [a neqoxec]
   388 | D        | Noticed a flying skull
   388 | D        | Noticed a flying skull
   396 | D        | Gained mutation: Your spells are a little easier to cast,
                  | but a little less powerful. [a neqoxec]
   397 | D        | Killed a neqoxec
   398 | D        | Reached skill level 1 in Invocations
   398 | D        | Reached XP level 7. HP: 25/50 MP: 0/19
   402 | D        | Bought a potion of mutation for 88 gold pieces
   402 | D        | Lost mutation: Your spells are a little easier to cast, but
                  | a little less powerful. [potion of mutation]
   402 | D        | Lost mutation: Scrolls take you a little longer to read.
                  | [potion of mutation]
   402 | D        | Gained mutation: Your muscles are strong. (Str +2) [potion
                  | of mutation]
   402 | D        | Gained mutation: You are resistant to hostile enchantments.
                  | (MR+) [potion of mutation]
   526 | D        | Noticed a wyvern
   526 | D        | Noticed a wyvern
   536 | D        | Killed a wyvern
   537 | D        | Reached skill level 9 in Spellcasting
   537 | D        | Reached skill level 1 in Fire Magic
   537 | D        | Reached skill level 1 in Air Magic
   537 | D        | Reached skill level 1 in Poison Magic
   548 | D        | Killed a wyvern
   548 | D        | Reached * piety under Sif Muna
   659 | D        | Killed a flying skull
   674 | D        | Noticed a flying skull
   678 | D        | Killed a flying skull
   682 | D        | Noticed a neqoxec
   682 | D        | Noticed a neqoxec
   682 | D        | Noticed a neqoxec
   682 | D        | Gained mutation: Scrolls take you a little longer to read.
                  | [a neqoxec]
   686 | D        | Gained mutation: You are frail. (-10% HP) [a neqoxec]
   694 | D        | Gained mutation: Your body sometimes deteriorates upon
                  | taking damage. [a neqoxec]
   700 | D        | Gained mutation: Your body often deteriorates upon taking
                  | damage. [a neqoxec]
   717 | D        | Noticed a flying skull
   717 | D        | Noticed a flying skull
   718 | D        | Noticed a flying skull
   723 | D        | Killed a flying skull
   726 | D        | Killed a neqoxec
   730 | D        | Killed a neqoxec
   731 | D        | Reached XP level 8. HP: 25/50 MP: 1/21
   740 | D        | Gained mutation: Your spells are a little easier to cast,
                  | but a little less powerful. [a neqoxec]
   742 | D        | Gained mutation: You tend to lose your temper in combat. [a
                  | neqoxec]
   763 | D        | Noticed a flying skull
   763 | D        | Noticed a flying skull
   783 | D        | Noticed a flying skull
   792 | D        | Bought a glowing dagger for 90 gold pieces
   840 | D        | Killed a flying skull
   865 | D        | Killed a flying skull
   978 | D        | Killed a flying skull
  1077 | D        | Bought a potion of mutation for 112 gold pieces
  1077 | D        | Lost mutation: Scrolls take you a little longer to read.
                  | [potion of mutation]
  1077 | D        | Lost mutation: Your spells are a little easier to cast, but
                  | a little less powerful. [potion of mutation]
  1077 | D        | Lost mutation: You are frail. (-10% HP) [potion of
                  | mutation]
  1077 | D        | Lost mutation: Your body often deteriorates upon taking
                  | damage. [potion of mutation]
  1077 | D        | Gained mutation: You expend magic power (3 MP) to
                  | strengthen your wands. [potion of mutation]
  1077 | D        | Gained mutation: Your system is resistant to poisons.
                  | (rPois) [potion of mutation]
  1079 | D        | Bought 2 potions of heal wounds for 100 gold pieces
  1085 | D        | Bought a potion of lignification for 33 gold pieces
  1085 | D        | Bought a potion of lignification for 33 gold pieces
  1092 | D        | Bought a potion of lignification for 30 gold pieces
  1096 | D        | Noticed a blink frog
  1107 | D        | Killed a blink frog
  1171 | D        | Noticed Kirke
  1171 | D        | Noticed a kobold demonologist
  1171 | D        | Noticed a skeletal warrior
  1172 | D        | Noticed a manticore
  1173 | D        | Noticed a yaktaur captain
  1177 | D        | Noticed an elephant
  1181 | D        | Noticed a centaur warrior
  1184 | D        | Noticed a lindwurm
  1184 | D        | Noticed a manticore
  1187 | D        | Noticed an orange demon
  1202 | D        | Reached ** piety under Sif Muna
  1204 | D        | HP: 1/56 [worm (11)]
  1214 | D        | Killed from afar by a lava snake

Illustrated notes

Levels and vault maps discovered:
D:        the_violet_keep_of_menkaure [sprint2_stairs_cluster_1,
          sprint2_shoproom, sprint2_temple, sprint2_basic_supplies,
          sprint2_obstacle_5, sprint2_obstacle_4, sprint2_obstacle_6,
          sprint2_obstacle_1, sprint2_obstacle_7, sprint2_timed_cluster_1,
          sprint2_smallroom_cluster_1, sprint2_smallroom_final_cluster_1,
          sprint2_transparent_cluster_1, sprint2_second_timed_cluster_1,
          sprint2_sniper_area_1, sprint2_heavy_combat_area_1,
          sprint2_mutation_trap_area_1, sprint2_forest_area_1,
          sprint2_light_combat_area_1, sprint2_behind_water_1,
          sprint2_near_end_vault_1]

Skill      XL: |  1  2  3  4  5  6  7  8 |
---------------+-------------------------+-----
Fighting       | 3 4 5 |  5.5
Short Blades   | 1 2 3 4 |  4.5
Dodging        | 3 4 5 6 7 |  7.0
Stealth        | 3 4 5 |  5.4
Spellcasting   | 5 6 7 8 9 |  9.8
Conjurations   | 3 4 5 6 |  6.8
Summonings     | 2 3 |  3.4
Invocations    | 1 3 |  3.7
Fire Magic     | 2 3 |  3.3
Air Magic      | 2 3 |  3.1
Poison Magic   | 3 |  3.8
Translocations | 2 |  2.2
Hexes          | |  0.5

Action                   |  1- 3 |  4- 6 |  7- 9 || total
-------------------------+-------+-------+-------++-------
Melee: Dagger            |     5 |    15 |    33 ||    53
       Constrict         |     1 |     4 |     7 ||    12
       Tentacles         |     1 |     1 |     4 ||     6
 Cast: Call Imp          |       |    12 |    16 ||    28
       Magic Dart        |       |     6 |    26 ||    32
       Conjure Flame     |       |     2 |     5 ||     7
       Blink             |       |     1 |    12 ||    13
       Slow              |       |       |     4 ||     4
       Mephitic Cloud    |       |       |     5 ||     5
Invok: Channel Magic     |       |       |     1 ||     1
  Use: Potion            |     2 |       |     7 ||     9
Armor: Skin              |       |       |     6 ||     6
Dodge: Dodged            |       |     6 |    61 ||    67

Table legend: (Time is in decaauts)
 A = Elapsed time spent in this place.
 B = Non-inter-level travel time spent in this place.
 C = Inter-level travel time spent in this place.
 D = Time resting spent in this place.
 E = Time spent auto-exploring this place.
 F = Levels seen in this place.
 G = Mean time per level.
                   A        B        C        D        E       F      G
               +--------+--------+--------+--------+--------+-----+--------+
         Total |   1209 |   1200 |      9 |    693 |      0 |   1 | 1209.0 |
       Dungeon |   1209 |   1200 |      9 |    693 |      0 |   1 | 1209.0 |
               +--------+--------+--------+--------+--------+-----+--------+

Top non-repeatable levels by time:
       D: 1209 daAuts
